 Dungeon Crawl Stone Soup version 0.31-a0-949-g57150269e1 (webtiles) character file.

Game seed: 6015797964554730213

32 LadyBoffin the Gusty (level 3, 14/14 HPs)
             Began as a Felid Air Elementalist on Oct 22, 2023.
             Got out of the dungeon alive.
             The game lasted 00:05:15 (1607 turns).

LadyBoffin the Gusty (Felid Air Elementalist)       Turns: 1607, Time: 00:05:16

Health: 14/14      AC:  1    Str:  4    XL:     3   Next: 10%
Magic:  7/7        EV: 17    Int: 18    God:
Gold:   37         SH:  0    Dex: 16    Spells: 5/6 levels left
                                        Lives:  0   Deaths: 1

rFire   . . .        (weapon unavailable)
rCold   . . .        (shield unavailable)
rNeg    . . .        (body armour unavailable)
rPois   .            (helmet unavailable)
rElec   .            (cloak unavailable)
rCorr   .            (gloves unavailable)
SInv    +            (boots unavailable)
Will    .....        (no amulet)
Stlth   ++           (no ring)
HPRegen 0.22/turn    (no ring)
MPRegen 0.10/turn

%: no passive effects
@: quick
A: very small, claws 1, fangs 3, see invisible, speed 1, shaggy fur 1, stealthy
paws, no weapons or thrown items, no armour, multi-lived
a: no special abilities


You escaped.
You visited 1 branch of the dungeon, and saw 2 of its levels.

You collected 37 gold pieces.

Inventory:

Scrolls
 b - a scroll of fear {unknown}
 d - 3 scrolls of identify {unknown}
 e - a scroll of vulnerability {unknown}
Potions
 a - a potion of magic
 c - a potion of haste {unknown}


   Skills:
 + Level 3.0 Dodging
 + Level 2.9 Stealth
 + Level 2.4 Spellcasting
 + Level 1.1 Conjurations
 + Level 3.3 Air Magic


You had 5 spell levels left.
You knew the following spells:

 Your Spells              Type           Power      Damage    Failure   Level
a - Shock                 Conj/Air       40%        1d5       7%          1

Your spell library contained the following spells:

 Spells                   Type           Power      Damage    Failure   Level
 Static Discharge         Conj/Air       20%        3-4/arc   11%         2
 Swiftness                Air            14%        N/A       13%         3
 Airstrike                Air            7%         2d(1-17)  41%         4
 Summon Lightning Spire   Summ/Air       8%         N/A       65%         4


Dungeon Overview and Level Annotations

Branches:
Dungeon (2/15)

Altars:


Innate Abilities, Weirdness & Mutations

You have sharp claws.
You have razor-sharp teeth.
You have supernaturally acute eyesight. (SInv)
You cover ground quickly. (Speed+)
You are covered in fur. (AC +1)
Your paws help you pounce on unaware monsters.
You are incapable of wielding weapons or throwing items.
You cannot wear armour.
You gain extra lives every three experience levels.


Message History

* * * LOW HITPOINT WARNING * * *
The gnoll attacks as it pursues you! The gnoll misses you.
You see here a worm corpse.
You see here a +0 dagger.
The gnoll shouts!
Casting: Shock (safe; 7% risk of failure)
Confirm with . or Enter, or press ? or * to list all spells.
Aiming: Shock (safe; 7% risk of failure)
Press: ? - help, Shift-Dir - straight line, f/p - gnoll
Aim: a gnoll, wielding a +2 flail of protection (heavily wounded, 72% to hit)
The zap hits the gnoll.
The gnoll is severely wounded.
Casting: Shock (safe; 7% risk of failure)
Confirm with . or Enter, or press ? or * to list all spells.
Aiming: Shock (safe; 7% risk of failure)
Press: ? - help, Shift-Dir - straight line, f/p - gnoll
Aim: a gnoll, wielding a +2 flail of protection (severely wounded, 72% to hit)
The zap hits the gnoll.
The gnoll is severely wounded.
The gnoll attacks as it pursues you! The gnoll completely misses you.
Casting: Shock (safe; 7% risk of failure)
Confirm with . or Enter, or press ? or * to list all spells.
Aiming: Shock (safe; 7% risk of failure)
Press: ? - help, Shift-Dir - straight line, f/p - gnoll
Aim: a gnoll, wielding a +2 flail of protection (severely wounded, 72% to hit)
The zap hits the gnoll.
The gnoll is almost dead.
The gnoll hits you with a +2 flail of protection!
Ouch! That really hurt!
You die...
You rejoin the land of the living...
Unknown command.
No target in view!
Welcome back, LadyBoffin the Felid Air Elementalist.
Press ? for a list of commands and other information.
There is a stone staircase leading up here.
You climb upwards.
There is a stone staircase leading down here.
There is a staircase leading out of the dungeon here.
You have escaped!

##.........###.##
#.........####.#
######..............#
#..............####.#
#.#.....#......####(#
#.#.....#...........##
#.#.....#...##.####.#.
#.#.....#.####.# #.#.
#.#..@..#.####.####...
#.#.....#.#...#.......
#.#.....#.#.##.#####..
#.#.....#.#.##.# #).
#.#.....#...##.# #..
#...........##.# #..
#.#.......[.##.#####..
#.#...########.#..)...
#>....................


There were no monsters in sight!

Vanquished Creatures
  A worm (D:2)
  A dart slug (D:1)
  A ball python (D:2)
  4 bats (D:1)
  An endoplasm (D:1)
  A giant cockroach (D:1)
  2 goblins (D:1)
  3 hobgoblins (D:1)
  2 jackals (D:2)
  4 kobolds
  2 frilled lizards
  3 rats
25 creatures vanquished.

Notes
Turn   | Place    | Note
-------+----------+-------------------------------------------
     0 | D:1      | LadyBoffin the Felid Air Elementalist began the quest for
                  | the Orb.
     0 | D:1      | Reached XP level 1. HP: 7/7 MP: 4/4
   280 | D:1      | Reached skill level 1 in Conjurations
   441 | D:1      | Reached XP level 2. HP: 11/11 MP: 4/6
  1326 | D:2      | Reached XP level 3. HP: 7/14 MP: 3/7
  1569 | D:2      | Slain by a gnoll
  1607 | D:$      | Got out of the dungeon alive.

Illustrated notes

Levels and vault maps discovered:
D:1:      minmay_arrival_semitransparent, layout_loops_ring, dk_noncrumbling_4,
          glass_columns_a
D:2:      layout_basic, chequers_ecumenical_altar_island

Skill      XL: |  1  2 |
---------------+-------+-----
Conjurations   | 1 |  1.1
Air Magic      | 3 |  3.3
Dodging        | 3 |  3.0
Stealth        | |  2.9
Spellcasting   | |  2.4

Action                     || total
---------------------------++-------
  Melee: Unarmed           ||    15
         Bite              ||     3
         Punch             ||     1
   Cast: Shock             ||    61
 Armour: Skin              ||     8
  Dodge: Dodged            ||    18

Table legend: (Time is in decaauts)
 A = Elapsed time spent in this place.
 B = Non-inter-level travel time spent in this place.
 C = Inter-level travel time spent in this place.
 D = Time resting spent in this place.
 E = Time spent auto-exploring this place.
 F = Levels seen in this place.
 G = Mean time per level.
                   A        B        C        D        E       F      G
               +--------+--------+--------+--------+--------+-----+--------+
         Total |   1419 |   1384 |     35 |    382 |    631 |   2 |  709.5 |
       Dungeon |   1419 |   1384 |     35 |    382 |    631 |   2 |  709.5 |
               +--------+--------+--------+--------+--------+-----+--------+

Top non-repeatable levels by time:
     D:1: 1087 daAuts
     D:2: 332 daAuts
